Map: 汇龙岛 - 天梯版

Players

uThermal - Winner!

  • Race: Terran Terran
  • Spawn Location: 11:00

Cloudy

  • Race: Protoss Protoss
  • Spawn Location: 5:00

Event: WCS Valencia 2018

VOD

Have the link to the VOD?

Description

Time

  • Played on: July 12, 2018, 1:09 p.m.
  • Length: 13:21

All games in this series

Show
View Real Time Build Order
Export as new Build Order

uThermal Terran - Winner!

Build Orders: Cyclone Opening, Reaper Expand, MMM Bio 

Get SALT Encoding   

  12  0:01  SCV  
  13  0:13  SCV  
  14  0:17  Supply Depot  
  14  0:25  SCV  
  15  0:38  SCV  
  15  0:39  Barracks  
  16  0:43  Refinery  
  16  0:50  SCV  
  17  1:03  SCV  
  18  1:15  SCV  
  19  1:26  Reaper  
  19  1:27  Orbital Command  
  20  1:43  Command Center  
  20  1:49  Supply Depot  
  20  1:53  SCV  
  21  1:58  Marine  
  22  2:05  SCV  
  23  2:09  Factory  
  23  2:14  Refinery  
  23  2:17  SCV  
  23  2:22  Barracks Reactor  
  24  2:29  SCV  
  25  2:41  SCV  
  26  2:46  Supply Depot  
  26  2:53  Cyclone  
  26  2:56  SCV  
  26  2:57  Marine  
  31  3:07  Marine  
  31  3:08  SCV  
  33  3:14  Starport  
  33  3:15  Marine  
  34  3:23  SCV  
  34  3:25  Cyclone, Marine  
  38  3:32  Command Center  
  38  3:33  Marine  
  38  3:36  SCV  
  39  3:43  Marine  
  39  3:48  SCV  
  39  3:51  Marine  
  39  3:52  Medivac  
  41  3:59  Widow Mine  
  41  4:01  SCV  
  44  4:11  Marine x2  
  44  4:13  SCV  
  45  4:22  Widow Mine  
  47  4:32  SCV, Marine x2  
  49  4:44  SCV  
  50  4:54  Marine  
  50  4:55  Marine, Barracks  
  50  4:56  SCV  
  51  5:00  Factory Tech Lab  
  51  5:02  Barracks  
  51  5:03  Starport Tech Lab  
  51  5:08  SCV  
  52  5:18  Orbital Command  
  52  5:20  SCV  
  53  5:22  Marine x2  
  55  5:32  SCV  
  56  5:40  Marine  
  56  5:41  Bunker  
  57  5:44  SCV  
  57  5:47  SCV  
  59  5:52  Siege Tank  
  59  5:56  Barracks Tech Lab, SCV  
  61  6:00  SCV  
  61  6:02  Engineering Bay  
  61  6:03  Supply Depot  
  62  6:05  Marine, Starport Reactor  
  62  6:06  Stimpack, Marine x2  
  62  6:09  SCV  
  66  6:12  SCV  
  66  6:16  Supply Depot, Combat Shields, Marine  
  67  6:26  Supply Depot  
  67  6:27  SCV, Refinery  
  67  6:31  Marine  
  69  6:32  Marine  
  69  6:33  Factory Reactor  
  69  6:34  Marine  
  69  6:35  SCV  
  72  6:43  SCV, Marine  
  73  6:47  Terran Infantry Weapons Level 1  
  73  6:48  Supply Depot, Refinery  
  73  6:49  Marine  
  73  6:50  Missile Turret  
  73  6:54  Marine, Marauder  
  75  7:01  Marine  
  75  7:07  SCV x2  
  77  7:10  Widow Mine x2  
  77  7:12  Medivac x2  
  77  7:14  Supply Depot  
  77  7:15  Marine  
  88  7:16  Marauder  
  88  7:17  Marine  
  88  7:22  Marine  
  90  7:27  Supply Depot  
  90  7:32  Widow Mine x2  
  90  7:33  Marine  
  90  7:34  Marine  
  90  7:35  Concussive Shells  
  90  7:36  Marine  
  97  7:43  Medivac  
  97  7:44  Medivac  
  101  7:46  Marine  
  100  7:53  Widow Mine x2  
  100  7:56  Marine x2  
  106  7:58  Supply Depot  
  106  8:02  Liberator  
  106  8:03  Liberator  
  106  8:14  Widow Mine  
  106  8:15  Marine  
  106  8:16  Marine, Marauder x2  
  89  8:42  Terran Infantry Armor Level 1  
  89  8:45  Liberator  
  89  8:46  Marine, Marauder  
  85  8:51  Liberator  
  85  8:52  Marine  
  85  8:53  Marauder  
  85  8:59  Widow Mine x2  
  92  9:04  Marine  
  92  9:07  Command Center  
  92  9:09  Marine  
  94  9:14  Marine x2  
  95  9:20  Widow Mine  
  95  9:21  Widow Mine  
  100  9:24  SCV  
  100  9:28  Marauder  
  100  9:29  Liberator  
  102  9:34  Liberator, Barracks  
  102  9:37  SCV  
  103  9:45  SCV, Barracks  
  104  9:47  Marine x2  
  104  9:50  Widow Mine  
  104  9:51  Widow Mine  
  115  9:58  SCV  
  115  9:59  SCV, Missile Turret  
  117  10:00  Marine  
  117  10:05  Supply Depot  
  117  10:06  Marine  
  121  10:07  Marauder  
  121  10:11  Widow Mine  
  121  10:12  SCV  
  121  10:13  Liberator  
  123  10:19  Orbital Command  
  123  10:21  SCV, Marine x2  
  124  10:22  Marauder  
  124  10:24  Marine  
  127  10:28  Marauder  
  126  10:37  SCV  
  126  10:39  Marine x2  
  125  10:43  Marauder  
  125  10:48  SCV  
  125  10:49  Marine  
  126  10:50  Marauder  
  126  10:55  Liberator  
  128  10:57  Marine  
  128  10:58  Marauder  
  128  10:59  Liberator, SCV  
  128  11:04  SCV, Marine  
  131  11:05  Armory, SCV  
  131  11:07  Marine  
  134  11:11  SCV, Marauder  
  134  11:15  Marine  
  144  11:24  Marine  
  143  11:28  Marine, Marauder  
  143  11:31  SCV  
  147  11:33  Supply Depot, Marine, Refinery  
  147  11:36  Marine  
  147  11:38  Liberator  
  149  11:47  Liberator  
  148  11:50  Marine  
  148  11:52  Marine  
  148  11:55  Marauder x2  
  149  12:10  Marine x2, Marauder  
  149  12:12  Refinery  
  149  12:13  Supply Depot x2, SCV  
  151  12:16  SCV, Marauder  
  147  12:25  Marine  
  147  12:27  Marine  
  146  12:30  Widow Mine  
  146  12:32  Marauder  
  135  12:38  Marauder  
  129  12:45  Marine, Marauder  
  129  12:46  Marine  
  129  12:50  Barracks  
  129  12:51  Missile Turret, Barracks  
  136  12:53  Marauder  
  135  12:59  Marauder  
  135  13:02  Marine  
Show
View Real Time Build Order
Export as new Build Order

Cloudy Protoss 

Build Orders: Blink Stalkers 

Get SALT Encoding   

  12  0:01  Probe  
  13  0:13  Probe  
  14  0:19  Pylon  
  14  0:25  Probe  
  15  0:36  Probe  
  15  0:38  Gateway  
  16  0:44  Probe  
  16  0:45  Assimilator  
  17  0:54  Probe  
  18  0:59  Pylon  
  18  1:06  Probe  
  19  1:20  Probe  
  20  1:26  Cybernetics Core  
  20  1:30  Zealot  
  22  1:52  Nexus  
  22  1:54  Stalker  
  22  2:06  Warp Gate  
  22  2:07  Probe  
  25  2:14  Stalker  
  25  2:19  Probe  
  26  2:29  Assimilator  
  28  2:32  Probe  
  29  2:42  Pylon  
  30  2:47  Stalker  
  31  3:04  Twilight Council  
  29  3:06  Probe x2  
  30  3:25  Probe  
  31  3:31  Blink  
  31  3:37  Probe  
  31  3:39  Probe  
  31  3:44  Stalker  
  33  3:48  Gateway  
  33  3:50  Gateway  
  33  3:55  Probe  
  34  4:03  Probe  
  35  4:17  Probe x2  
  37  4:28  Robotics Facility  
  37  4:29  Probe x2  
  37  4:30  Stalker  
  41  4:45  Probe  
  38  4:47  Probe  
  37  4:53  Stalker x2  
  37  4:54  Stalker  
  37  4:58  Pylon  
  37  4:59  Probe x2  
  45  5:07  Probe  
  45  5:09  Observer  
  45  5:11  Probe  
  45  5:14  Pylon  
  47  5:16  Probe  
  49  5:21  Stalker  
  49  5:23  Probe  
  47  5:32  Stalker  
  47  5:46  Probe x2  
  49  5:58  Probe x2  
  51  6:10  Probe x2  
  53  6:12  Nexus  
  53  6:15  Charge  
  53  6:16  Pylon  
  53  6:22  Observer, Probe x2  
  56  6:28  Forge  
  56  6:34  Probe  
  56  6:35  Probe  
  58  6:41  Protoss Ground Armor Level 1  
  58  6:46  Stalker, Probe  
  58  6:47  Probe  
  60  6:48  Stalker  
  62  6:55  Observer  
  62  6:59  Probe x2  
  64  7:01  Gateway  
  64  7:04  Gateway  
  64  7:07  Gateway  
  64  7:11  Probe  
  64  7:13  Gateway  
  65  7:21  Gateway  
  65  7:24  Probe x3  
  65  7:27  Gateway  
  67  7:36  Probe x2  
  69  7:40  Stalker x3  
  75  7:51  Probe x3  
  77  7:58  Pylon  
  77  8:01  Pylon  
  77  8:03  Probe  
  77  8:05  Zealot x5  
  88  8:10  Zealot  
  90  8:17  Zealot  
  92  8:24  Protoss Ground Weapons Level 1  
  92  8:25  Zealot x5  
  101  8:29  Zealot  
  83  8:35  Observer, Zealot  
  83  8:38  Zealot  
  71  8:49  Zealot x6  
  71  8:51  Warp Prism  
  81  8:58  Probe x2  
  81  9:00  Zealot x2, Pylon  
  89  9:11  Zealot x2  
  89  9:12  Zealot x2  
  97  9:21  Zealot x2  
  97  9:24  Pylon x2  
  101  9:37  Zealot x2  
  101  9:38  Zealot x2  
  109  9:39  Immortal  
  109  9:43  Pylon  
  109  9:45  Pylon  
  109  9:47  Sentry, Zealot  
  117  9:55  Zealot x2  
  121  10:02  Templar Archives  
  121  10:06  Probe  
  121  10:07  Probe x2  
  124  10:08  Assimilator  
  124  10:14  Assimilator  
  124  10:18  Probe  
  124  10:20  Zealot x6  
  137  10:25  Probe x2  
  139  10:31  Probe  
  139  10:33  Psionic Storm  
  130  10:40  Stalker x5, Probe  
  129  10:54  Probe x2  
  131  11:02  Observer, Probe  
  126  11:07  High Templar  
  126  11:10  Zealot x5  
  136  11:17  High Templar, Pylon  
  136  11:18  Pylon  
  136  11:35  Stalker x2  
  136  11:36  Zealot x4  
  148  11:41  Pylon  
  148  11:43  Pylon  
  146  11:49  Pylon  
  146  11:53  Stalker x2  
  142  12:02  Stalker x4  
  142  12:03  Zealot  
  138  12:18  Stalker x3  
  136  12:26  Observer, Zealot x5  
  100  12:42  Zealot x3  
  80  12:46  Zealot x5  
  88  13:03  Stalker x2  
  88  13:04  Stalker x2  
  86  13:08  Zealot x3  
  86  13:12  Zealot  
Tags
 
Add a new tag
Caveats
  • Supply blocks, unpowered buildings, or Contaminate may cause inaccurate times.
  • Supply counts are checked every 10 seconds.